 Dungeon Crawl Stone Soup version 0.19-a0-1111-gcceb26a (webtiles) character file.

939 4thArraOfDagon the Grappler (level 7, -1/90 (91) HPs)
             Began as a Troll Arcane Marksman on Aug 10, 2016.
             Was a Follower of Dithmenos.
             Succumbed to Duvessa's poison
             ... on level 5 of the Dungeon.
             The game lasted 00:06:52 (1025 turns).

4thArraOfDagon the Grappler (Troll Arcane Marksman) Turns: 1025, Time: 00:06:54

HP:   -1/90 (91)    AC: 23    Str: 20    XL:     7   Next: 87%
MP:   7/7           EV:  1    Int: 11    God:    Dithmenos [*.....]
Gold: 169           SH:  0    Dex:  9    Spells: 1 memorised, 7 levels left

rFire  . . .     SeeInvis .       - Unarmed
rCold  . . .     Gourm    +     (armour currently unavailable)
rNeg   + + +     Faith    .     (no shield)
rPois  +         Spirit   .     (helmet currently unavailable)
rElec  .         Dismiss  .     (cloak currently unavailable)
rCorr  .         Reflect  .     (gloves unavailable)
SustAt .         Harm     .     (boots unavailable)
MR     .....     NoTele   +     (no amulet)
Stlth  ..........               (no ring)
                                k - ring of loudness

@: confused, lethally poisoned (-1 -> -15), tree-form, very slightly
contaminated, hasted, wreathed by umbra, very quick
A: unfitting armour, (claws 0), fast metabolism 3, gourmand, regeneration 2,
(shaggy fur 0), (tough skin 0)
a: Renounce Religion


You were on level 5 of the Dungeon.
You worshipped Dithmenos.
Dithmenos was aware of your devotion.
You were full.
You were a tree.
You visited 1 branch of the dungeon, and saw 6 of its levels.

You collected 169 gold pieces.

Inventory:

Hand Weapons
 j - a +0 giant spiked club
Missiles
 c - 4 large rocks (quivered)
 d - a throwing net
Armour
 a - a +0 robe (melded)
 m - a +0 cloak (melded)
Jewellery
 k - a ring of loudness (left branch)
Wands
 q - a wand of random effects (37/48)
Potions
 o - a potion of brilliance
Books
 b - a book of Debilitation

   Spells                             Type                      Level
   a - Corona                         Hexes                        1
   b - Slow                           Hexes                        2
   c - Gell's Gravitas                Hexes/Translocation          3
   d - Inner Flame                    Hexes/Fire                   3
   e - Cause Fear                     Hexes                        4
   f - Leda's Liquefaction            Hexes/Earth                  4
Comestibles
 f - 5 bread rations
 l - a meat ration


   Skills:
 - Level 0.7 Fighting
 - Level 1.7 Throwing
 - Level 1.5 Dodging
 * Level 9.0 Unarmed Combat
 - Level 1.0 Spellcasting
 - Level 2.0 Hexes


You had 7 spell levels left.
You knew the following spells:

 Your Spells              Type           Power        Failure   Level  Hunger
a - Corona                Hex            #......      17%         1    ##.....


Dungeon Overview and Level Annotations

Branches:
Dungeon (6/15)             Temple (0/1) D:4

Altars:
Dithmenos
Nemelex Xobeh
Pakellas
Qazlal
Uskayaw
The Shining One

Annotations:
D:5 Duvessa, Pikel


Innate Abilities, Weirdness & Mutations

You are too large for most types of armour.
((You have claws for hands.))
Your metabolism is lightning-fast.
You like to eat raw meat.
You heal very quickly.
((You are covered in fur. (AC +1)))
((You have very tough skin. (AC +2)))


Message History

You cannot move.
Unknown command.
Evoke which item? (* to show all) (? for menu, Esc to quit)
Really evoke
q - a wand of random effects {recharged}?
This could place you under penance!
Zapping:
q - a wand of random effects {recharged} (will waste charges)
Press: ? - help, Shift-Dir - straight line, f - you Really target yourself?
Dithmenos does not appreciate your starting fires!
You feel guilty. The puff of flame hits you!
Evoking this partially-identified wand wasted a few charges.
* * * LOW HITPOINT WARNING * * *
You feel sick.
Evoke which item? (* to show all) (? for menu, Esc to quit)
Really evoke
q - a wand of random effects {zapped: 3}?
This could place you under penance!
Zapping:
q - a wand of random effects {zapped: 3} (will waste charges)
Press: ? - help, Shift-Dir - straight line, f - you Really target yourself?
Your will is overpowered!
You are confused.
Evoking this partially-identified wand wasted a few charges.
You die...

##.....###............#.......
#.......##......(.....#.§.....
#.......##..............h§§l..
#.......###...........#.§§§§..
##.>...###............#§§§§..l
#................h....##......
#.......##............##......
###.......#.....................
#...............♣..e.............
..........#:.#..........#########
.....#..#...##..........#
........................#
........................#
........................#
.......................[#
....#...............#...#
..#.#.................#.#


You could see Duvessa (berserk) and a hound.

Vanquished Creatures
  Grinder (D:6)
  2 slaves (D:4)
  A necrophage (D:4)
  2 ogres (D:4)
  A centaur (D:4)
  Dowan (D:5)
  2 crimson imps
  A jelly (D:5)
  2 orc priests
  A centaur skeleton (D:4)
  A worker ant (D:4)
  An orc wizard (D:5)
  7 gnolls
  5 adders
  3 oozes
  3 giant geckos
  2 orcs
  3 jackals (D:4)
  A quokka (D:4)
  A ball python (D:4)
  A bat (D:1)
  2 giant newts
  A kobold (D:1)
  3 rats
48 creatures vanquished.

Notes
Turn   | Place    | Note
-------+----------+-------------------------------------------
     0 | D:1      | 4thArraOfDagon the Troll Arcane Marksman began the quest for the Orb.
     0 | D:1      | Reached XP level 1. HP: 18/18 MP: 1/1
    90 | D:2      | Reached skill level 1 in Unarmed Combat
   126 | D:2      | Reached skill level 2 in Unarmed Combat
   126 | D:2      | Reached XP level 2. HP: 24/26 MP: 2/2
   191 | D:3      | Found an oddly glowing altar of Pakellas.
   191 | D:3      | Found a shadowy altar of Dithmenos.
   191 | D:3      | Found a glowing golden altar of the Shining One.
   191 | D:3      | Found a hide-covered altar of Uskayaw.
   194 | D:3      | Found a sparkling altar of Nemelex Xobeh.
   198 | D:3      | Became a worshipper of Dithmenos the Shadowed
   210 | D:5      | Entered Level 5 of the Dungeon
   234 | D:4      | Reached skill level 3 in Unarmed Combat
   234 | D:4      | Reached XP level 3. HP: 5/32 MP: 3/3
   268 | D:4      | Noticed a necrophage
   306 | D:4      | Killed a necrophage
   306 | D:4      | Reached skill level 4 in Unarmed Combat
   306 | D:4      | Reached XP level 4. HP: 17/39 MP: 4/4
   306 | D:4      | Reached XP level 5. HP: 19/45 MP: 5/5
   364 | D:4      | Found a staircase to the Ecumenical Temple.
   388 | D:4      | Noticed an ogre
   392 | D:4      | Killed an ogre
   392 | D:4      | Reached skill level 5 in Unarmed Combat
   434 | D:4      | Reached XP level 6. HP: 53/53 MP: 6/6
   437 | D:4      | Reached skill level 6 in Unarmed Combat
   483 | D:4      | Found a stormy altar of Qazlal.
   520 | D:5      | Noticed a slave
   520 | D:5      | Noticed a slave
   521 | D:5      | Noticed Pikel
   521 | D:5      | Noticed a slave
   530 | D:4      | Reached * piety under Dithmenos
   570 | D:5      | Noticed Duvessa
   579 | D:4      | Reached skill level 7 in Unarmed Combat
   641 | D:4      | Reached XP level 7. HP: 21/60 MP: 7/7
   772 | D:5      | Noticed Dowan
   780 | D:5      | Killed Dowan
   781 | D:5      | Reached skill level 8 in Unarmed Combat
   916 | D:5      | Paralysed by Pikel for 6 turns
   926 | D:6      | Noticed Grinder
   937 | D:6      | Killed Grinder
   937 | D:6      | Reached skill level 9 in Unarmed Combat
  1022 | D:5      | HP: 3/60 [poisoned by Duvessa]
  1024 | D:5      | HP: 1/90 [poisoned by Duvessa]
  1025 | D:5      | Succumbed to Duvessa's poison

Vault maps used:
D:1:      dpeg_arrival_concentric_ovals
D:3:      nicolae_overflow_hidden_temple, serial_curves, eino_curves_02,
          eino_curves_02, kennysheep_generic_room_3, uniq_sigmund
D:4:      grunt_qazlal_clouds, fedhas_bush_and_centaur_altar, first_bread
D:5:      uniq_crazy_yiuf_cottage, uniq_duvessa, uniq_pikel
D:6:      minivault_26, uniq_blork_the_orc, uniq_grinder

Skill      XL: |  1  2  3  4  5  6  7 |
---------------+----------------------+-----
Unarmed Combat | 2 3 4 5 7 9 |  9.0
Fighting       | |  0.7
Throwing       | |  1.7
Dodging        | |  1.5
Spellcasting   | |  1.0
Hexes          | |  2.0

Action                   |  1- 3 |  4- 6 |  7- 9 || total
-------------------------+-------+-------+-------++-------
Melee: Unarmed           |    73 |    73 |    40 ||   186
       Punch             |     1 |       |       ||     1
Throw: Throwing net      |     2 |       |       ||     2
       Large rock        |     1 |     3 |       ||     4
Evoke: Wand              |       |       |     2 ||     2
  Use: Scroll            |       |       |     7 ||     7
       Potion            |       |       |     2 ||     2
  Eat: Chunk             |     8 |     3 |     1 ||    12
Armor: Robe              |    33 |    17 |    14 ||    64
       Skin              |       |       |     1 ||     1
Dodge: Dodged            |    58 |    29 |    25 ||   112
